[Event "XII Closed IM BCC 2021"]
[Site "Barcelona"]
[Date "2021.03.16"]
[Round "2.2"]
[White "Hernandez, Cristian Andres"]
[Black "Serra Canals, Oriol"]
[Result "1/2-1/2"]
[ECO "A40"]
[WhiteElo "2355"]
[BlackElo "2220"]
[Annotator "NA"]
[PlyCount "64"]
[EventDate "2021.03.15"]
[EventType "tourn"]
[EventCountry "ESP"]
[SourceTitle "playchess.com"]
[Source "ChessBase"]
[SourceQuality "1"]
[TimeControl "5400+30"]

1. d4 e6 2. Nf3 d5 3. Bf4 Nf6 4. e3 Be7 5. h3 b6 6. Nbd2 O-O 7. c3 c5 8. Ne5 $11 Bb7 9. Be2 Ne4 10. Nxe4 dxe4 11. O-O Qc8 12. a4 f6 13. Nc4 Rd8 14. Qb1 Bd5 15. Rc1 Qb7 16. b4 cxb4 17. cxb4 Nc6 18. b5 Nb4 19. Nd6 Rxd6 20. Qxb4 Rdd8 21. Qd2 Rdc8 22. a5 Rxc1+ 23. Rxc1 Rc8 24. a6 Qd7 25. Rc3 Kf7 26. Qc2 Rxc3 27. Qxc3 Ke8 28. h4 Kd8 29. Kf1 Qc8 30. Qxc8+ Kxc8 31. Ke1 Kd7 32. Kd2 Bd6 1/2-1/2

[Event "XII Closed IM BCC 2021"]
[Site "Barcelona"]
[Date "2021.03.17"]
[Round "3.1"]
[White "Gines Esteo, Pedro Antonio"]
[Black "Girel, Joseph"]
[Result "1-0"]
[ECO "E46"]
[WhiteElo "2443"]
[BlackElo "2310"]
[Annotator "NA RC"]
[PlyCount "85"]
[EventDate "2021.03.15"]
[EventType "tourn"]
[EventCountry "ESP"]
[SourceTitle "playchess.com"]
[Source "ChessBase"]
[SourceQuality "1"]
[TimeControl "5400+30"]

1. d4 Nf6 2. c4 e6 3. Nc3 Bb4 4. e3 O-O 5. Bd2 b6 6. Bd3 Bb7 7. Nf3 d6 8. O-O Nbd7 9. a3 Bxc3 10. Bxc3 Ne4 11. Be1 f5 12. Nd2 Qg5 13. f4 Qe7 14. Nxe4 fxe4 15. Bc2 d5 16. cxd5 exd5 17. Qe2 a5 18. Ba4 c5 19. Bc3 Ba6 20. Bb5 Bxb5 21. Qxb5 Qe6 22. dxc5 Nxc5 23. b4 Nd3 24. bxa5 bxa5 25. Qb7 Qf7 26. Rfb1 a4 27. Bd4 Rac8 28. h3 h6 29. Qa6 Ra8 30. Qb6 Rac8 31. Rb5 Rfd8 32. Rab1 Rd7 33. Qa6 Rdc7 34. Rb8 Rxb8 35. Rxb8+ Kh7 36. Qd6 Rc1+ 37. Kh2 Ne1 38. Rf8 Qb7 39. Qe6 Rc6 40. Qe8 Nf3+ 41. gxf3 Rc2+ 42. Kg3 Qb1 43. Rh8# 1-0

[Event "XII Closed IM BCC 2021"]
[Site "Barcelona"]
[Date "2021.03.17"]
[Round "3.5"]
[White "Benedetti, Julio"]
[Black "Hernandez, Cristian Andres"]
[Result "1/2-1/2"]
[ECO "B33"]
[WhiteElo "2282"]
[BlackElo "2355"]
[Annotator "NA"]
[PlyCount "44"]
[EventDate "2021.03.15"]
[EventType "tourn"]
[EventCountry "ESP"]
[SourceTitle "playchess.com"]
[Source "ChessBase"]
[SourceQuality "1"]
[TimeControl "5400+30"]

1. e4 c5 2. Nc3 Nc6 3. Nge2 e6 4. d4 cxd4 5. Nxd4 Nf6 6. Ndb5 d6 7. Bf4 e5 8. Bg5 a6 9. Na3 b5 10. Nd5 Be7 11. Bxf6 Bxf6 12. c3 Bg5 13. Nc2 Rb8 14. Ncb4 Nxb4 15. Nxb4 Bb7 16. Bd3 O-O 17. h4 Bh6 18. Bc2 f5 19. Nd5 fxe4 20. Bxe4 Bxd5 21. Qxd5+ Kh8 22. g3 Qb6 1/2-1/2

[Event "XII Closed IM BCC 2021"]
[Site "Barcelona"]
[Date "2021.03.19"]
[Round "5.1"]
[White "Alvarez Albiol, Victor"]
[Black "Girel, Joseph"]
[Result "0-1"]
[ECO "C54"]
[WhiteElo "2246"]
[BlackElo "2310"]
[Annotator "NA"]
[PlyCount "93"]
[EventDate "2021.03.15"]
[EventType "tourn"]
[EventCountry "ESP"]
[SourceTitle "playchess.com"]
[Source "ChessBase"]
[SourceQuality "1"]
[TimeControl "5400+30"]

1. e4 e5 2. Nf3 Nc6 3. Bc4 Bc5 4. c3 Nf6 5. d3 a6 6. Bb3 Ba7 7. Nbd2 d6 8. Nf1 Ne7 9. Ng3 Ng6 10. O-O O-O 11. h3 c6 12. Be3 Bxe3 13. fxe3 d5 14. exd5 cxd5 15. d4 e4 16. Ne5 Qd6 17. Nxg6 hxg6 18. Qe1 b5 19. Ne2 a5 20. a3 Ba6 21. Qg3 Rfd8 22. Rf2 Qxg3 23. Nxg3 Kf8 24. Nf1 Ke7 25. Nd2 a4 26. Ba2 Bc8 27. Nf1 Be6 28. Ng3 Ne8 29. Ne2 g5 30. Raf1 Nd6 31. Ng3 g6 32. Rf6 Rh8 33. R6f2 Rh4 34. Ne2 Nf5 35. Rxf5 gxf5 36. Ng3 f4 37. exf4 gxf4 38. Bxd5 Rg8 39. Bxe6 Rxg3 40. Bg4 f3 41. Re1 Rxg2+ 42. Kf1 Rgxg4 43. hxg4 Rh1+ 44. Kf2 Rxe1 45. Kxe1 e3 46. Kf1 Kd6 47. g5 0-1

[Event "XII Closed IM BCC 2021"]
[Site "Barcelona"]
[Date "2021.03.19"]
[Round "5.2"]
[White "Martin Barcelo, Carles"]
[Black "Gines Esteo, Pedro Antonio"]
[Result "0-1"]
[ECO "B13"]
[WhiteElo "2258"]
[BlackElo "2443"]
[Annotator "NA"]
[PlyCount "86"]
[EventDate "2021.03.15"]
[EventType "tourn"]
[EventCountry "ESP"]
[SourceTitle "playchess.com"]
[Source "ChessBase"]
[SourceQuality "1"]
[TimeControl "5400+30"]

1. e4 c6 2. d4 d5 3. exd5 cxd5 4. Bd3 Nc6 5. c3 Nf6 6. Bf4 Bg4 7. Qb3 Qd7 8. Nd2 e6 9. Ngf3 Bd6 10. Bxd6 Qxd6 11. O-O O-O 12. Rae1 Nd7 13. Re3 Bh5 14. Rfe1 Rfc8 15. Ne5 Ncxe5 16. dxe5 Qb6 17. Qc2 Nf8 18. Nb3 Bg6 19. Qd2 Bxd3 20. Rxd3 Qa6 21. a3 b5 22. h4 Qb6 23. h5 a5 24. Qg5 Qd8 25. Qf4 Qe7 26. Ree3 Rc4 27. Rd4 Qc7 28. Qg5 b4 29. h6 Ng6 30. cxb4 axb4 31. axb4 f6 32. Qg4 f5 33. Qh5 Rxd4 34. Nxd4 Qc1+ 35. Kh2 Ra1 36. Qg5 Qh1+ 37. Kg3 f4+ 38. Kf3 fxe3 39. Qd8+ Nf8 40. hxg7 Qh5+ 41. g4 Qh3+ 42. Kf4 Qh2+ 43. Kg5 h6+ 0-1

[Event "XII Closed IM BCC 2021"]
[Site "Barcelona"]
[Date "2021.03.19"]
[Round "5.3"]
[White "Serra Canals, Oriol"]
[Black "Garcia Ramos, Daniel"]
[Result "0-1"]
[ECO "D43"]
[WhiteElo "2220"]
[BlackElo "2412"]
[Annotator "ChessBase"]
[PlyCount "70"]
[EventDate "2021.03.15"]
[EventType "tourn"]
[EventCountry "ESP"]
[SourceTitle "playchess.com"]
[Source "ChessBase"]
[SourceQuality "1"]
[TimeControl "5400+30"]

1. d4 d5 2. c4 c6 3. Nc3 Nf6 4. Nf3 e6 5. Qd3 dxc4 6. Qxc4 b5 7. Qd3 Bb7 8. g3 Nbd7 9. Bg2 Be7 10. O-O O-O 11. Rd1 b4 12. Ne4 Qb6 13. Nxf6+ Bxf6 14. Ng5 g6 15. Ne4 Be7 16. Be3 Qa5 17. Nd2 Rad8 18. Nb3 Qa4 19. Qe4 Ba8 20. Qf4 Qb5 21. Qc7 Qxe2 22. Na5 Bf6 23. Qxa7 Qb5 24. Bf4 e5 25. Bh6 Rfe8 26. Rac1 e4 27. Bf4 Nf8 28. Bf1 Qh5 29. Bc4 Rd7 30. Qb6 Bd8 31. Qxb4 Qxa5 32. Qb8 Qa7 33. Qc8 Bb7 34. Qb8 Qxb8 35. Bxb8 Bg5 0-1

[Event "XII Closed IM BCC 2021"]
[Site "Barcelona"]
[Date "2021.03.19"]
[Round "5.4"]
[White "Benedetti, Julio"]
[Black "Boyer, Mahel"]
[Result "0-1"]
[ECO "C12"]
[WhiteElo "2282"]
[BlackElo "2333"]
[Annotator "NA"]
[PlyCount "126"]
[EventDate "2021.03.15"]
[EventType "tourn"]
[EventCountry "ESP"]
[SourceTitle "playchess.com"]
[Source "ChessBase"]
[SourceQuality "1"]
[TimeControl "5400+30"]

1. e4 e6 2. d4 d5 3. Nc3 Nf6 4. Bg5 Bb4 5. e5 h6 6. Bc1 Ne4 7. Qg4 g6 8. Bd3 c5 9. Bxe4 dxe4 10. Qxe4 Qxd4 11. Qxd4 cxd4 12. a3 Ba5 13. b4 dxc3 14. bxa5 Nc6 15. Ne2 Nxe5 16. O-O Bd7 17. Rb1 Bc6 18. Nd4 O-O-O 19. Bf4 Rd5 20. a6 Rhd8 21. Rb3 Rxd4 22. Bxe5 Rc4 23. axb7+ Bxb7 24. Rxc3 Rxc3 25. Bxc3 Rd5 26. f3 Rc5 27. Bd4 Ra5 28. Ra1 Ra4 29. Be3 g5 30. Kf2 a6 31. h3 e5 32. Rd1 Rxa3 33. Rd6 Rc3 34. Rxh6 Rxc2+ 35. Kg3 a5 36. Bxg5 a4 37. Bf6 e4 38. Rh4 a3 39. fxe4 Kd7 40. Kf3 a2 41. Rh5 Ke6 42. Bd4 Rc4 43. Re5+ Kd6 44. Bb2 Rb4 45. Ba1 Rb1 46. Bd4 a1=Q 47. Bxa1 Rxa1 48. Re8 f5 49. Kf4 Rf1+ 50. Ke3 fxe4 51. Rb8 Bd5 52. Rd8+ Ke5 53. Rh8 Re1+ 54. Kf2 Ra1 55. g4 Kd4 56. Re8 Ra2+ 57. Kg3 e3 58. g5 Rg2+ 59. Kf4 Rf2+ 60. Kg3 Rg2+ 61. Kf4 e2 62. g6 Rf2+ 63. Kg4 Be4 0-1

[Event "XII Closed IM BCC 2021"]
[Site "Barcelona"]
[Date "2021.03.19"]
[Round "5.5"]
[White "Hernandez, Cristian Andres"]
[Black "Alcala Gonzalez, Cesar"]
[Result "1-0"]
[ECO "D10"]
[WhiteElo "2355"]
[BlackElo "2110"]
[Annotator "NA"]
[PlyCount "119"]
[EventDate "2021.03.15"]
[EventType "tourn"]
[EventCountry "ESP"]
[SourceTitle "playchess.com"]
[Source "ChessBase"]
[SourceQuality "1"]
[TimeControl "5400+30"]

1. d4 d5 2. c4 c6 3. Nc3 Nf6 4. cxd5 cxd5 5. Bf4 Nc6 6. e3 Bf5 7. Rc1 e6 8. Qb3 Qb6 9. Qxb6 axb6 10. a3 Be7 11. Nf3 O-O 12. Be2 Rac8 13. Nd2 Nd7 14. O-O f6 15. Bg3 Bg6 16. Bg4 f5 17. Be2 Bf7 18. Nb5 e5 19. dxe5 Ndxe5 20. Rfd1 Rfd8 21. Nf3 Bf6 22. Nd6 Rxd6 23. Bxe5 Bxe5 24. Nxe5 Rcd8 25. Nf3 g6 26. Nd4 Nxd4 27. Rxd4 Rc6 28. Rcd1 Rc2 29. R4d2 Rdc8 30. g3 Kg7 31. Kf1 Rxd2 32. Rxd2 Rc1+ 33. Kg2 Kf6 34. Bf3 Ke5 35. Rd4 Kd6 36. Rd2 Be6 37. h4 Kc5 38. h5 g5 39. h6 Kd6 40. g4 fxg4 41. Bxd5 Ke5 42. Bxe6 Kxe6 43. Rd4 Kf5 44. Rd7 Rc2 45. b4 Kg6 46. Rd6+ Kh5 47. Kg3 Ra2 48. Rxb6 Rxa3 49. Rxb7 Rb3 50. Rxh7 Rxb4 51. Rh8 Kg6 52. h7 Rb5 53. Kxg4 Rb4+ 54. Kg3 Rb5 55. e4 Kg7 56. Rf8 Kxh7 57. Rf5 Rb3+ 58. Kg4 Kh6 59. Rxg5 Rb2 60. Rf5 1-0

[Event "XII Closed IM BCC 2021"]
[Site "Barcelona"]
[Date "2021.03.20"]
[Round "6.4"]
[White "Gines Esteo, Pedro Antonio"]
[Black "Serra Canals, Oriol"]
[Result "1-0"]
[ECO "D31"]
[WhiteElo "2443"]
[BlackElo "2220"]
[Annotator "NA"]
[PlyCount "77"]
[EventDate "2021.03.15"]
[EventType "tourn"]
[EventCountry "ESP"]
[SourceTitle "playchess.com"]
[Source "ChessBase"]
[SourceQuality "1"]
[TimeControl "5400+30"]

1. d4 e6 2. c4 d5 3. Nc3 Be7 4. cxd5 exd5 5. Bf4 c6 6. e3 Bd6 7. Bxd6 Qxd6 8. Bd3 Ne7 9. Qb3 Nd7 10. Nf3 Nb6 11. a4 Bf5 12. Bxf5 Nxf5 13. a5 Nc4 14. e4 dxe4 15. Nxe4 Qe7 16. O-O Qxe4 17. Rae1 Nce3 18. fxe3 O-O 19. Qxb7 Rab8 20. Qxa7 Rxb2 21. Rf2 Rxf2 22. Kxf2 Re8 23. Ne5 Nd6 24. Qd7 Qd5 25. Kg1 Qxa5 26. Rf1 Qa3 27. Nc4 Qd3 28. Nxd6 Qxe3+ 29. Kh1 Rf8 30. Qg4 Qd3 31. Qf4 f6 32. Qf5 Qxf5 33. Nxf5 Kf7 34. Re1 Rd8 35. g4 g6 36. Re7+ Kf8 37. Rxh7 Kg8 38. Rg7+ Kh8 39. Rxg6 1-0

[Event "XII Closed IM BCC 2021"]
[Site "Barcelona"]
[Date "2021.03.21"]
[Round "7.2"]
[White "Serra Canals, Oriol"]
[Black "Alvarez Albiol, Victor"]
[Result "1/2-1/2"]
[ECO "E66"]
[WhiteElo "2220"]
[BlackElo "2246"]
[Annotator "ChessBase"]
[PlyCount "83"]
[EventDate "2021.03.15"]
[EventType "tourn"]
[EventCountry "ESP"]
[SourceTitle "playchess.com"]
[Source "ChessBase"]
[SourceQuality "1"]
[TimeControl "5400+30"]

1. Nf3 Nf6 2. g3 g6 3. Bg2 Bg7 4. d4 O-O 5. O-O d6 6. c4 c5 7. Nc3 Nc6 8. d5 Na5 9. Qd3 a6 10. h3 Rb8 11. Rb1 b5 12. cxb5 axb5 13. b4 c4 14. Qc2 Nb7 15. Nd4 Nxd5 16. Nc6 Nxc3 17. Nxd8 Nxd8 18. Bb2 Nxb1 19. Bxg7 Kxg7 20. Rxb1 Bb7 21. Bxb7 Rxb7 22. a4 bxa4 23. Qxa4 Ne6 24. Qa6 Rc7 25. b5 Rb8 26. Kg2 c3 27. Qa1 Kg8 28. b6 c2 29. bxc7 cxb1=Q 30. Qxb1 Rxb1 31. c8=Q+ Kg7 32. h4 h5 33. f3 Rb5 34. Kf2 Re5 35. f4 Re4 36. Kf3 f5 37. e3 Nf8 38. Qc3+ Kg8 39. Qb3+ Kg7 40. Ke2 Nh7 41. Kd2 Nf6 42. Qb2 1/2-1/2

[Event "XII Closed IM BCC 2021"]
[Site "Barcelona"]
[Date "2021.03.21"]
[Round "7.3"]
[White "Benedetti, Julio"]
[Black "Gines Esteo, Pedro Antonio"]
[Result "0-1"]
[ECO "B12"]
[WhiteElo "2282"]
[BlackElo "2443"]
[Annotator "ChessBase"]
[PlyCount "74"]
[EventDate "2021.03.15"]
[EventType "tourn"]
[EventCountry "ESP"]
[SourceTitle "playchess.com"]
[Source "ChessBase"]
[SourceQuality "1"]
[TimeControl "5400+30"]

1. e4 c6 2. d4 d5 3. e5 Bf5 4. Nf3 e6 5. Be2 Nd7 6. O-O Ne7 7. Nbd2 h6 8. Nb3 g5 9. Ne1 Qc7 10. Nd3 b6 11. Be3 Bg7 12. f4 c5 13. dxc5 gxf4 14. cxb6 axb6 15. Bxf4 Ng6 16. Bg3 Ndxe5 17. Rxf5 exf5 18. Nd4 f4 19. Nxf4 Qc5 20. Bb5+ Kf8 21. Bf2 Nxf4 22. Ne6+ Nxe6 23. Bxc5+ bxc5 24. Qxd5 Rd8 25. Qb7 Bf6 26. a4 Kg7 27. c3 Rd2 28. Bf1 Rhd8 29. a5 R8d7 30. Qb5 R7d5 31. a6 Nf4 32. Qb7 Nh3+ 33. Kh1 Nf3 34. gxf3 Nf2+ 35. Kg1 Rg5+ 36. Bg2 Nh3+ 37. Kh1 Rdxg2 0-1

[Event "XII Closed IM BCC 2021"]
[Site "Barcelona"]
[Date "2021.03.21"]
[Round "7.4"]
[White "Hernandez, Cristian Andres"]
[Black "Garcia Ramos, Daniel"]
[Result "1/2-1/2"]
[ECO "A11"]
[WhiteElo "2355"]
[BlackElo "2397"]
[Annotator "ChessBase"]
[PlyCount "27"]
[EventDate "2021.03.15"]
[EventType "tourn"]
[EventCountry "ESP"]
[SourceTitle "playchess.com"]
[Source "ChessBase"]
[SourceQuality "1"]
[TimeControl "5400+30"]

1. c4 c6 2. Nf3 Nf6 3. Nc3 d5 4. e3 e6 5. Qc2 Bd6 6. b3 O-O 7. Bb2 e5 8. cxd5 cxd5 9. Nb5 Nc6 10. Nxd6 Qxd6 11. h3 Bd7 12. Rc1 Rac8 13. Qc5 Qe6 14. Qa3 1/2-1/2